 Dungeon Crawl Stone Soup version 0.27.1-3-gb3d3a73c9e (webtiles) character file.

Game seed: 9807450470362013318

52 Urokeeper the Sneak (level 3, -3/20 HPs)
             Began as a Deep Elf Brigand on Oct 13, 2021.
             Slain by a goblin (4 damage)
             ... on level 2 of the Dungeon.
             The game lasted 00:04:01 (1899 turns).

Urokeeper the Sneak (Deep Elf Brigand)              Turns: 1899, Time: 00:04:01

Health: -3/20      AC:  5    Str:  8    XL:     3   Next: 60%
Magic:  5/5        EV: 12    Int: 15    God:
Gold:   36         SH:  0    Dex: 17    Spells: 2/2 levels left

rFire    . . .     SeeInvis .   a - +2 dagger
rCold    . . .     Faith    .   (no shield)
rNeg     . . .     Spirit   .   j - +0 leather armour
rPois    .         Reflect  .   (no helmet)
rElec    .         Harm     .   c - +0 cloak
rCorr    .         Rampage  .   l - +0 pair of gloves
Will     .....                  (no boots)
Stlth    +++.......             (no amulet)
HPRegen  0.06/turn              (no ring)
MPRegen  0.09/turn              (no ring)

@: mighty
A: no striking features
a: no special abilities


You were on level 2 of the Dungeon.
You visited 1 branch of the dungeon, and saw 2 of its levels.

You collected 36 gold pieces.

Inventory:

Hand Weapons
 a - a +2 dagger (weapon)
Missiles
 d - 4 poisoned darts (quivered)
 e - 2 curare-tipped darts
Armour
 b - a +0 robe
 c - a +0 cloak (worn)
 g - a +1 ring mail of fire resistance
 j - a +0 leather armour (worn)
 l - a +0 pair of gloves (worn)
Scrolls
 f - a scroll of amnesia {unknown}
 h - 2 scrolls of blinking
 m - a scroll of enchant weapon {unknown}
Potions
 i - a potion of might


   Skills:
 - Level 1.5 Fighting
 + Level 2.8 Short Blades
 - Level 2.0 Throwing
 + Level 2.6 Dodging
 + Level 5.5 Stealth


You had 2 spell levels left.
You didn't know any spells.
Your spell library was empty.

Dungeon Overview and Level Annotations

Branches:
Dungeon (2/15)

Altars:


Message History

Press: ? - help, Dir - move target, p - adder
As you read the scroll labelled YMNOHOUPNU, it crumbles to dust.
It was a scroll of blinking.
* * * LOW HITPOINT WARNING * * *
You feel sick.
It was a potion of might.
You feel very mighty all of a sudden.
* * * LOW HITPOINT WARNING * * *
You feel sick.
A stone appears from out of thin air!
The stone hits you but does no damage.
It was a potion of curing.
You feel better.
You are too injured to fight recklessly!
You are too injured to fight recklessly!
You hit the adder.
You kill the adder!
You barely miss the adder. The adder bites you.
You are poisoned.
The adder poisons you!
You miss the adder.
You feel sick. The adder barely misses you.
You barely miss the adder.
You feel sick. The adder barely misses you.
You closely miss the adder.
You feel sick. The adder completely misses you. The adder closely misses you.
You barely miss the adder.
You feel sick. The adder closely misses you. Something hits you.
* * * LOW HITPOINT WARNING * * *
You puncture the adder!
The adder is almost dead.
You feel sick.
You are no longer poisoned.
The adder closely misses you.
You miss the adder.
The adder is almost dead.
Something hits you but does no damage. The adder barely misses you.
You puncture the adder!
You kill the adder!
Something hits you.
* * * LOW HITPOINT WARNING * * *
Something hits you but does no damage. Something hits you.
You die...

+........ #.......#
##(......###
......[....####
#.............#
##..##(.......#
##........#
#.........####.#
...##+##@..'....#
##.. #.##.{.######
#.# #.##...# ..
#.##...###### #?#
#.##........(.
...####.##..........
#.........#.......
....##.#####.......
. #.....'.......


There were no monsters in sight!

Vanquished Creatures
  2 adders (D:2)
  2 dart slugs (D:1)
  3 ball pythons (D:1)
  4 endoplasms (D:1)
  A giant cockroach (D:1)
  A goblin (D:1)
  6 hobgoblins
  A quokka (D:1)
  3 bats
  A frilled lizard (D:2)
  4 rats (D:1)
28 creatures vanquished.

Notes
Turn   | Place    | Note
-------+----------+-------------------------------------------
     0 | D:1      | Urokeeper the Deep Elf Brigand began the quest for the Orb.
     0 | D:1      | Reached XP level 1. HP: 12/12 MP: 3/3
   234 | D:1      | Reached skill level 5 in Stealth
   313 | D:1      | Reached XP level 2. HP: 11/16 MP: 4/4
   830 | D:1      | Found a faded altar of an unknown god.
  1355 | D:1      | Reached XP level 3. HP: 20/20 MP: 5/5
  1885 | D:2      | HP: 1/20 [poisoned by an adder]
  1897 | D:2      | HP: 1/20 [something (1)]
  1899 | D:2      | Slain by a goblin

Illustrated notes

Levels and vault maps discovered:
D:1:      tarquinn_simple_flora_water_d, layout_basic,
          dilly_ecumenical_altar_fadedgnrine, hangedman_decor_peaks_small,
          minmay_cut_off
D:2:      layout_basic, minmay_pentomino_w2

Skill      XL: |  1  2 |
---------------+-------+-----
Stealth        | 5 |  5.5
Dodging        | 2 |  2.6
Fighting       | |  1.5
Short Blades   | |  2.8
Throwing       | |  2.0

Action                   || total
-------------------------++-------
Melee: Dagger            ||   113
Throw: Dart              ||     4
  Use: Potion            ||     2
       Scroll            ||     1
 Stab: Sleeping          ||     7
Armor: Robe              ||     5
       Ring mail         ||    26
       Leather armour    ||    13
Dodge: Dodged            ||    58
